[Event "*** SCC Grand Prix: Titled Tuesday Blitz"]
[Site "Chess.com"]
[Date "2020.08.25"]
[Round "2"]
[White "TigrVShlyape"]
[Black "IMAghasiyevKamal"]
[Result "1/2-1/2"]
[WhiteElo "2847"]
[BlackElo "2423"]
[TimeControl "180+1"]
[EndTime "10:20:03 PDT"]
[Termination "Game drawn by repetition"]

1. d4 d5 2. Nf3 Nf6 3. Bf4 g6 4. c3 Bg7 5. Nbd2 O-O 6. h3 c5 7.
e3 Nc6 8. Be2 Nd7 9. O-O e5 10.
dxe5 Ndxe5 11. Nxe5 Nxe5 12. Nf3 Nc6 13. Qb3 c4 14. Qa3 Qb6 15. Rfd1 Be6 16. Rd2 Rfd8 17. Qa4 a5 18. Rad1 Qc5 19. Qc2 h6 20. Qc1 b5 21.
Nd4 Nxd4 22. exd4 Qe7 23. Bf3 Qh4 24. Re2 b4 25. Rde1 Ra6 26. Be5 Qg5 27. Bf4 Qh4 28. Bc7 Rc8 29. Be5 Rd8 30. Bxg7 Kxg7 31. Re5 Qf6 32.
Bg4 Bxg4 33. hxg4 Rdd6 34. R1e3 Qf4 35. Qd1 Rf6 36. Qe2 bxc3 37. bxc3 Rfe6 38. g3 Qf6 39.
Rxd5 Rxe3 40. Qxe3 Re6 41. Re5 Rxe5 42. Qxe5 Qxe5 43. dxe5 f6 44. f4 fxe5 45. fxe5 Kf7 46. Kf2 Ke6 47. Kf3 Kxe5 48. a4 g5 49. Ke3 Kd5 50.
Kf3 Ke5 51. Ke3 Kd5 52. Kf3 Ke5 1/2-1/2

[Event "*** SCC Grand Prix: Titled Tuesday Blitz"]
[Site "Chess.com"]
[Date "2020.08.25"]
[Round "2"]
[White "VladaSviridova"]
[Black "26andrej26"]
[Result "1-0"]
[WhiteElo "2303"]
[BlackElo "2614"]
[TimeControl "180+1"]
[EndTime "10:20:04 PDT"]
[Termination "VladaSviridova won on time"]

1. d4 Nf6 2. c4 g6 3. Nc3 Bg7 4.
e4 d6 5. Nf3 O-O 6. Be2 e5 7.
O-O Nc6 8. d5 Ne7 9. Ne1 Nd7 10.
Be3 f5 11. f3 f4 12. Bf2 g5 13. Nd3 Nf6 14. c5 Ne8 15. a4 h5 16. a5 Ng6 17.
a6 b6 18. cxd6 Nxd6 19. Nb4 Rf7 20. Nb5 Bf8 21. Nc6 Qe8 22. Kh1 Rg7 23. Nbxa7 g4 24. Nxc8 Qxc8 25. a7 g3 26. hxg3 fxg3 27. Bxg3 h4 28.
Bh2 Qe8 29. Rg1 Qf7 30. Nxe5 Nxe5 31. Bxe5 Rg3 32. Qe1 Qh5 33. Qc3 Qh7 34. Rgf1 Qg6 35. Rg1 Qh7 36. Bd3 Qe7 37. Rge1 Qh7 38. Kg1 Qg6 39. Bxg3 hxg3 40. Kf1 Qh5 41. Ke2 Bg7 42. Rh1 Qf7 43. Qc6 Qf8 44. Rh3 Nf7 45. Rah1 Qd8 46. Rxg3 Kf8 47. Rxg7 Kxg7 48. e5 Qg5 49.
Qf6+ Qxf6 50. Rh7+ 1-0

[Event "*** SCC Grand Prix: Titled Tuesday Blitz"]
[Site "Chess.com"]
[Date "2020.08.25"]
[Round "2"]
[White "Manukyan_Artak"]
[Black "suyu28"]
[Result "0-1"]
[WhiteElo "2324"]
[BlackElo "2643"]
[TimeControl "180+1"]
[EndTime "10:20:04 PDT"]
[Termination "suyu28 won on time"]

1. e4 c6 2. d4 d5 3. e5 Bf5 4. c4 e6 5. Nc3 Ne7 6. Nf3 Bg6 7. Nh4 Nd7 8. cxd5 Nxd5 9. Nxg6 hxg6 10. g3 N7b6 11.
Bg2 Be7 12. O-O Qc7 13. Ne4 Rd8 14. Qe2 O-O 15. Rd1 Rd7 16. Nc5 Rdd8 17. h4 Nd7 18. Ne4 c5 19. dxc5 Nxc5 20. Nxc5 Qxc5 21. Bg5 Bxg5 22. hxg5 b6 23. Rac1 Qe7 24. f4 Rd7 25. Bxd5 exd5 26. Qe3 Qb4 27. Qd4 Qb5 28. b3 Rfd8 29. Kf2 Qa5 30. Rc2 Qa3 31. g4 Qe7 32.
Kg3 Rc7 33. Rdc1 Rxc2 34. Rxc2 Qd7 35. a4 b5 36. a5 a6 37. Rc5 b4 38. Kf3 Qb7 39.
f5 gxf5 40. gxf5 Qe7 41. Kf4 Qd7 42. Rc2 g6 43. e6 fxe6 44. Rh2 Qd6+ 45. Qe5 Qxe5+ 46.
Kxe5 exf5 47. Kf6 d4 48. Rd2 d3 49. Kxg6 f4 50. Kf5 f3 51. Ke4 f2 52. Rxf2 d2 0-1

[Event "*** SCC Grand Prix: Titled Tuesday Blitz"]
[Site "Chess.com"]
[Date "2020.08.25"]
[Round "2"]
[White "Kobalia"]
[Black "Steven_Rojas"]
[Result "1-0"]
[WhiteElo "2769"]
[BlackElo "2505"]
[TimeControl "180+1"]
[EndTime "10:20:05 PDT"]
[Termination "Kobalia won on time"]

1. e4 e6 2. d3 d5 3. Nd2 c5 4.
Ngf3 Nc6 5. g3 g6 6. Bg2 Bg7 7. O-O Nge7 8. Re1 O-O 9. c3 b5 10. exd5 Nxd5 11. Nb3 Qb6 12. a4 bxa4 13. Nbd2 Rd8 14.
Nc4 Qc7 15. Qxa4 Bb7 16. Nfd2 Nb6 17. Qc2 Rd7 18. Ne4 Ne7 19. Be3 Bxe4 20. Bxe4 Rad8 21. Red1 Nf5 22. Bf4 e5 23. Bg5 f6 24. Qb3 Kh8 25.
Bc1 Nxc4 26. Qxc4 Nd6 27. Qa4 Nxe4 28. Qxe4 c4 29. Be3 f5 30. Qh4 cxd3 31. Rxa7 Qc6 32. Rxd7 Rxd7 33. Bd2 Qf3 34. Ra1 h5 35. Qg5 Kh7 36.
Ra6 Qd1+ 37. Kg2 Qg4 38. Rxg6 Bf8 39. h3 Qxg5 40. Rxg5 Rf7 41. Rxh5+ Kg6 42. Rg5+ Kf6 43. g4 f4 44. Rf5+ Ke6 45. Rxf7 Kxf7 46. Kf3 Bc5 47. b4 Ba7 48. c4 Ke6 49. Bc3 Kd6 50. h4 1-0

[Event "*** SCC Grand Prix: Titled Tuesday Blitz"]
[Site "Chess.com"]
[Date "2020.08.25"]
[Round "2"]
[White "ErikBlomqvist"]
[Black "GMHess"]
[Result "0-1"]
[WhiteElo "2509"]
[BlackElo "2804"]
[TimeControl "180+1"]
[EndTime "10:20:07 PDT"]
[Termination "GMHess won on time"]

1. e4 d6 2. d4 Nf6 3. Nc3 c6 4.
Nf3 Bg4 5. h3 Bh5 6. Qe2 Qc7 7.
g4 Bg6 8. e5 Nd5 9. Nxd5 cxd5 10. exd6 Qxd6 11. Ne5 Nc6 12. c3 Nxe5 13. dxe5 Qc6 14.
Qb5 O-O-O 15. Qxc6+ bxc6 16. Be3 Kb7 17. b4 e6 18. Be2 h5 19. Kd2 f6 20. Bd4 Be7 21.
f4 Be4 22. Rhg1 fxe5 23. Bxe5 hxg4 24. Bxg4 Bf6 25. Bxf6 gxf6 26. Bxe6 f5 27. Rg3 d4 28. Rag1 dxc3+ 29. Kxc3 Kb6 30. Bc4 Rh6 31. a4 a5 32.
bxa5+ Kxa5 33. Re1 Rb8 34. Rd1 Rbh8 35. Rd7 Rxh3 36. Rxh3 Rxh3+ 37. Kd4 Kxa4 38. Kc5 Ka3 39. Ra7+ Kb2 40. Ra2+ Kc1 41. Be6 Rf3 42. Kd4 Rxf4 43. Ke5 Rf3 44. Bd7 Bd5 45. Ra4 Rf2 46. Rf4 Rxf4 47.
Kxf4 Be4 48. Bxf5 Bxf5 49. Kxf5 Kb2 50. Ke5 c5 51. Kd6 c4 0-1

[Event "*** SCC Grand Prix: Titled Tuesday Blitz"]
[Site "Chess.com"]
[Date "2020.08.25"]
[Round "2"]
[White "WonderChampion"]
[Black "Fischerev7"]
[Result "0-1"]
[WhiteElo "1977"]
[BlackElo "2363"]
[TimeControl "180+1"]
[EndTime "10:20:08 PDT"]
[Termination "Fischerev7 won by resignation"]

1. d4 Nf6 2. Bg5 d5 3. Nd2 e6 4. e3 Nbd7 5. Ngf3 c5 6. c4 cxd4 7. Nxd4 dxc4 8. Bxc4 Qa5 9. Bf4 Bb4 10. Nb3 Bxd2+ 11.
Qxd2 Qxd2+ 12. Nxd2 O-O 13. O-O Nb6 14. Bb3 Bd7 15. Nc4 Nxc4 16. Bxc4 Bc6 17. Rfd1 Rfd8 18. Kf1 Rac8 19. Be2 Kf8 20. f3 Ke7 21. Rac1 Nd5 22. Kf2 Nxf4 23. exf4 Bd5 24. b3 Rxc1 25. Rxc1 Kd7 26.
Bb5+ Kd6 27. Ke3 a6 28. Bc4 Rc8 29. Rd1 b5 30. Bxd5 exd5 31. Rd2 Rc3+ 32. Ke2 Rc1 33.
Kf2 Kc5 34. Ke3 Rc3+ 35. Kf2 d4 36. Ke2 Rc1 37. Kd3 Rc3+ 38. Ke2 f6 39. g3 Re3+ 40. Kf2 Rc3 41. Ke2 h5 42. Kf2 Rc1 43. g4 h4 44.
h3 Kd5 45. Kg2 Rc3 46. Kf2 Rc1 47. Kg2 a5 48. Kf2 a4 49. bxa4 bxa4 50. Kg2 Kc4 51. Kf2 Kc3 52. Re2 Rc2 53. Rxc2+ Kxc2 54. a3 d3 55. Ke1 d2+ 56. Ke2 d1=Q+ 0-1

[Event "*** SCC Grand Prix: Titled Tuesday Blitz"]
[Site "Chess.com"]
[Date "2020.08.25"]
[Round "2"]
[White "German_Bazeev"]
[Black "kasparicy"]
[Result "1-0"]
[WhiteElo "2834"]
[BlackElo "2339"]
[TimeControl "180+1"]
[EndTime "10:20:09 PDT"]
[Termination "German_Bazeev won by checkmate"]

1. d4 Nf6 2. c4 g6 3. Nc3 d5 4.
Nf3 Bg7 5. cxd5 Nxd5 6. Qa4+ Bd7 7. Qa3 Bc6 8. Bg5 O-O 9. e3 Re8 10. Bc4 Nb6 11. Be2 N8d7 12. O-O Nf6 13. Ne5 Qd6 14. Nxc6 bxc6 15. Rfc1 Nfd5 16. Ne4 Qxa3 17. bxa3 e5 18. dxe5 Bxe5 19. Rab1 f5 20. Nc5 Nc3 21. Rb2 Nxe2+ 22. Rxe2 Nd5 23. Nd7 Nc3 24. Rec2 Ne4 25. Nxe5 Rxe5 26.
Bf4 Rd5 27. f3 Nf6 28. Rxc6 Ne8 29. h4 Rad8 30. R1c2 Rd1+ 31. Kh2 R8d2 32. Bxc7 Rxc2 33. Rxc2 Rd3 34. Bf4 Rxa3 35. Rb2 Kf7 36. Kg3 Ke6 37. Kh2 Nf6 38. Bg5 Nd5 39. Rc2 h5 40. Rc6+ Kf7 41. e4 fxe4 42. fxe4 Nb6 43. Rf6+ Kg7 44. Re6 Rxa2 45.
Re7+ Kf8 46. Rb7 Nc4 47. Bf6 Ne3 48. e5 Ng4+ 49. Kg3 Ne3 50. e6 Nf5+ 51. Kh2 Kg8 52. Rb8+ Kh7 53. Rh8# 1-0

[Event "*** SCC Grand Prix: Titled Tuesday Blitz"]
[Site "Chess.com"]
[Date "2020.08.25"]
[Round "2"]
[White "AnonymousIM2023"]
[Black "Bigfish1995"]
[Result "0-1"]
[WhiteElo "2595"]
[BlackElo "3065"]
[TimeControl "180+1"]
[EndTime "10:20:10 PDT"]
[Termination "Bigfish1995 won by resignation"]

1. d4 d5 2. c4 e6 3. Nc3 a6 4.
cxd5 exd5 5. Nf3 c6 6. e4 dxe4 7. Nxe4 Bf5 8. Bd3 Bb4+ 9. Bd2 Bxd2+ 10. Qxd2 Bxe4 11. Bxe4 Nf6 12. Bc2 O-O 13. O-O Nbd7 14. Rad1 Qc7 15. Bb3 Nb6 16. Ne5 Rad8 17. Rfe1 Nbd5 18.
Qg5 h6 19. Qh4 Qa5 20. h3 Rfe8 21. Re2 Nh7 22. Rde1 Ng5 23. f4 Ne6 24. f5 Nef4 25. Re4 Qd2 26. Qf2 Qxf2+ 27. Kxf2 Kf8 28. Kf3 Rxe5 29.
dxe5 Nd3 30. Rd1 Nc5 31. Red4 Nxb3 32. axb3 g6 33. g4 Ke7 34. Ke4 h5 35. fxg6 hxg4 36. g7 gxh3 37. Rh1 Rg8 38. Rxh3 Rxg7 39. Rf3 Rg2 40. Kd3 Rxb2 41. Kc4 b5+ 42. Kc5 Rc2+ 43. Rc4 bxc4 44. bxc4 Nc7 45. Kxc6 Rxc4+ 46. Kb6 Nd5+ 47. Kxa6 Re4 48. Kb5 Rxe5 49. Kc4 Nc7 50. Rf1 Ne6 51. Rd1 f5 52. Ra1 f4 0-1

[Event "*** SCC Grand Prix: Titled Tuesday Blitz"]
[Site "Chess.com"]
[Date "2020.08.25"]
[Round "2"]
[White "FairChess_on_YouTube"]
[Black "Gurvich_Vitaly"]
[Result "1-0"]
[WhiteElo "2994"]
[BlackElo "2583"]
[TimeControl "180+1"]
[EndTime "10:20:11 PDT"]
[Termination "FairChess_on_YouTube won by checkmate"]

1. d4 d5 2. c4 dxc4 3. e3 Nf6 4. Bxc4 e6 5. Nf3 a6 6. O-O Nbd7 7. a4 b6 8. e4 Nxe4 9. d5 Ndf6 10. dxe6 Bxe6 11. Bxe6 fxe6 12. Qc2 Bc5 13. b4 Bxb4 14. Qc6+ Ke7 15. Bf4 Nd5 16. Be5 Rf8 17. Ra2 Nc5 18. Nd4 Qd7 19.
Bxg7 Rf7 20. Bh6 Qxc6 21. Nxc6+ Kd6 22. Nxb4 Nxb4 23. Re2 Rg8 24. Nd2 Rg6 25. Nc4+ Ke7 26. Bd2 Nbd3 27. a5 b5 28. Ne3 Kd7 29. Rd1 Kc6 30.
g3 Rd7 31. Bc3 Rg8 32. Rc2 Kb7 33. Bf6 Rg6 34. Bh8 Rg8 35. Bf6 Rg6 36. Bh4 Rg8 37.
Kf1 e5 38. Nf5 e4 39. h3 Rf8 40. g4 Re8 41. Bg5 Re6 42. Be3 Rc6 43. Nd4 Rcd6 44. Ne2 Rc6 45. Ng3 Rcd6 46. g5 Rc6 47.
h4 Rf7 48. h5 Ne6 49. Rxc6 Kxc6 50. Nxe4 Ne5 51. Kg2 b4 52. Rc1+ Kb5 53. Nc5 Nd8 54.
Nb3 Ng4 55. Nd4+ Ka4 56. Ra1# 1-0

[Event "*** SCC Grand Prix: Titled Tuesday Blitz"]
[Site "Chess.com"]
[Date "2020.08.25"]
[Round "2"]
[White "SergeyKarjakin"]
[Black "vovachesss"]
[Result "1-0"]
[WhiteElo "2981"]
[BlackElo "2583"]
[TimeControl "180+1"]
[EndTime "10:20:11 PDT"]
[Termination "SergeyKarjakin won by checkmate"]

1. e4 Nf6 2. e5 Nd5 3. d4 d6 4. Nf3 dxe5 5. Nxe5 c6 6. Be2 Nd7 7. Nf3 N7f6 8. O-O Bf5 9. c4 Nb6 10. Nc3 e6 11. Nh4 Bg6 12. g3 Be7 13. Re1 O-O 14. Nxg6 hxg6 15. Be3 Qc7 16. Qb3 Rfd8 17. Rad1 Rd7 18.
Bf4 Qd8 19. Be5 Ne8 20. Bg4 Bf6 21. Ne4 Bxe5 22. dxe5 Rb8 23. f4 Qe7 24. Rxd7 Nxd7 25. Rd1 f5 26. exf6 Nexf6 27. Bf3 Nxe4 28. Bxe4 g5 29. fxg5 Nc5 30. Qe3 Nxe4 31. Qxe4 Qxg5 32. Qxe6+ Kh8 33. Kg2 Rf8 34. Rd4 g6 35. Rg4 Qd2+ 36. Kh3 Qf2 37. Qxg6 Qf1+ 38. Kh4 Qf7 39. Qh6+ Qh7 40.
Qxh7+ Kxh7 41. Rf4 Rd8 42. Rf7+ Kg6 43. Rxb7 Rd4+ 44.
g4 Rxc4 45. Rxa7 Rc2 46. h3 Rxb2 47. a4 Rb3 48. a5 Ra3 49. Rc7 Rxa5 50. Rxc6+ Kg7 51.
g5 Ra3 52. Kg4 Ra4+ 53. Kh5 Ra3 54. Rc7+ Kg8 55. h4 Ra6 56. g6 Ra4 57. Kg5 Rb4 58. h5 Kh8 59. Rc8+ Kg7 60. h6# 1-0

[Event "*** SCC Grand Prix: Titled Tuesday Blitz"]
[Site "Chess.com"]
[Date "2020.08.25"]
[Round "2"]
[White "bascheyaro"]
[Black "talman67"]
[Result "1-0"]
[WhiteElo "2749"]
[BlackElo "2493"]
[TimeControl "180+1"]
[EndTime "10:20:11 PDT"]
[Termination "bascheyaro won on time"]

1. d4 Nf6 2. Nc3 d5 3. Bf4 e6 4.
e3 Bb4 5. Bd3 O-O 6. Nf3 c5 7.
dxc5 Bxc5 8. O-O b6 9. e4 Bb7 10. exd5 Nxd5 11. Nxd5 Qxd5 12. Qe2 Nc6 13. Rfd1 Nd4 14.
Qe3 Nxf3+ 15. Qxf3 Qxf3 16. gxf3 Bxf3 17. Re1 Rfd8 18.
Be4 Bxe4 19. Rxe4 Rd7 20. b4 Be7 21. a3 Rc8 22. c4 Kf8 23. Be3 Ke8 24. Kf1 g6 25.
Ke2 f5 26. Rd4 Rxd4 27. Bxd4 Rxc4 28. Rd1 Rc7 29. Be5 Rd7 30. Rc1 Bd6 31. Rc8+ Ke7 32. Bxd6+ Kxd6 33. f4 e5 34. fxe5+ Kxe5 35. Rc4 g5 36.
Rc8 f4 37. h3 Kf5 38. Rf8+ Kg6 39. Re8 Kh5 40. Re6 Kh4 41. Re5 h6 42. Re6 Rh7 43. Kf3 Kxh3 44. Rc6 h5 45. Rc1 g4+ 46. Kxf4 Rf7+ 47. Kg5 g3 48. Kxh5 g2 49. Kg6 Rf1 50. Rc3+ 1-0

[Event "*** SCC Grand Prix: Titled Tuesday Blitz"]
[Site "Chess.com"]
[Date "2020.08.25"]
[Round "2"]
[White "GigaQuparadze"]
[Black "pastouche06"]
[Result "1-0"]
[WhiteElo "2818"]
[BlackElo "2514"]
[TimeControl "180+1"]
[EndTime "10:20:13 PDT"]
[Termination "GigaQuparadze won by checkmate"]

1. e4 c6 2. d3 d5 3. Nd2 g6 4. Ngf3 Bg7 5. d4 Nh6 6. h3 f6 7. c3 O-O 8. Bd3 Nf7 9. exd5 cxd5 10. c4 Nc6 11. cxd5 Nb4 12. Bc4 Bf5 13. O-O Nc2 14. Rb1 Nb4 15. Qb3 a5 16. Ra1 Nc2 17. Rb1 Nb4 18.
a3 Bc2 19. Qc3 Bxb1 20. axb4 Bf5 21. Nb3 axb4 22. Qxb4 Nd6 23. Nc5 Qa5 24. Qb3 Rfc8 25. Be2 b6 26. Bd2 Qa2 27. Qxb6 Rab8 28. Qa5 Qxa5 29.
Bxa5 Rxb2 30. Ba6 Ra8 31. g4 Be4 32. Nd2 Bxd5 33. Bc3 Rc2 34. Bb4 Nc4 35. Nb1 f5 36. Nc3 Bf7 37. Nb5 Nd2 38. Rd1 Nf3+ 39. Kg2 fxg4 40.
hxg4 Bd5 41. Nc7 Nh4+ 42. Kg3 Rf8 43. Nxd5 Rf3+ 44. Kxh4 Rcxf2 45. Rd2 g5+ 46. Kxg5 Rf1 47. Nxe7+ Kf7 48. Bxf1 Bf6+ 49. Kh5 Rxf1 50. g5 Rh1+ 51. Kg4 Bxe7 52. Rf2+ Kg6 53. Kf3 Bxg5 54. Rg2 Rd1 55. Ne4 Rxd4 56. Rxg5+ Kh6 57. Bf8# 1-0

[Event "*** SCC Grand Prix: Titled Tuesday Blitz"]
[Site "Chess.com"]
[Date "2020.08.25"]
[Round "2"]
[White "Aleksandar-Topalov"]
[Black "bocah_sakit"]
[Result "0-1"]
[WhiteElo "2272"]
[BlackElo "2608"]
[TimeControl "180+1"]
[EndTime "10:20:13 PDT"]
[Termination "bocah_sakit won by resignation"]

1. b3 Nf6 2. Bb2 g6 3. Bxf6 exf6 4. c4 d5 5. cxd5 Qxd5 6. Nc3 Qd8 7. e3 Ba3 8. Nge2 O-O 9. d4 c6 10. g3 Nd7 11. Bg2 f5 12. O-O Nf6 13. Qc2 Be6 14. Nf4 Re8 15. Nxe6 Rxe6 16. Rfd1 Qa5 17. Nb1 Bf8 18. a3 Rd8 19. Nc3 Qc7 20. b4 a5 21.
Rab1 axb4 22. axb4 h5 23. Na4 Red6 24. b5 Nd5 25.
Nc5 b6 26. Na6 Qd7 27. Bxd5 cxd5 28. Rdc1 h4 29. Qc7 Qe6 30. Qc2 Bg7 31. Qd1 Qe4 32.
Qf1 g5 33. Qg2 Qe7 34. Rc7 Qe6 35. Rbc1 f4 36. Qf3 fxe3 37. fxe3 g4 38. Qf2 Bh6 39. Re1 Re8 40. Rc3 Qg6 41. Nb4 hxg3 42. Qxg3 Ree6 43. Nd3 Re4 44. Ne5 Qg5 45. Kg2 Rf6 46. Rc8+ Kh7 47. Rc3 Kg7 48. Ra3 Qh5 49. Rc3 Rf5 50. Rc7 Bg5 51. Rc3 Bh4 52. Qxg4+ Rxg4+ 53. Nxg4 Qxg4+ 54. Kh1 Qf3+ 0-1

[Event "*** SCC Grand Prix: Titled Tuesday Blitz"]
[Site "Chess.com"]
[Date "2020.08.25"]
[Round "2"]
[White "BilodeauA"]
[Black "varacalli"]
[Result "0-1"]
[WhiteElo "2813"]
[BlackElo "2362"]
[TimeControl "180+1"]
[EndTime "10:20:14 PDT"]
[Termination "varacalli won by resignation"]

1. d4 Nf6 2. Nc3 d5 3. Bf4 a6 4.
e3 e6 5. g4 Bd6 6. Qf3 b6 7.
g5 Nfd7 8. Bxd6 cxd6 9. h4 Bb7 10. Qg3 Qe7 11. f4 Nc6 12. Nf3 O-O-O 13. O-O-O Kb8 14.
Kb1 b5 15. h5 Nb6 16. Rh2 Rc8 17. Qe1 Rc7 18. Ne2 Rhc8 19. Nc1 Nc4 20. Bxc4 bxc4 21. c3 Ka8 22. Kc2 Rb8 23. Rdd2 a5 24. Kd1 Ba6 25. Ke2 Rcb7 26. Kf1 Rb6 27. Kg1 Qb7 28. Qf2 a4 29.
a3 Na5 30. Kg2 Nb3 31. Nxb3 Rxb3 32. Kg3 Rb6 33. Qe2 Qd7 34. Qd1 Bb7 35. Qc2 Rh8 36.
Rde2 Bc6 37. Qb1 Rbb8 38. Kf2 Rbg8 39. Rg2 f5 40. gxf6 gxf6 41. Kg1 Qf7 42. Rxg8+ Rxg8+ 43. Rg2 Rxg2+ 44. Kxg2 Qxh5 45. Kf2 Be8 46. Qd1 Kb7 47. Qc2 Kb8 48. Qb1 Bg6 49. Qg1 Be4 50. Nd2 Qh4+ 51.
Qg3 Qh6 52. Nxe4 dxe4 53. f5 e5 54. Qg8+ Kb7 55. Qxc4 Qh2+ 56. Ke1 Qg1+ 57. Ke2 Qg2+ 58. Kd1 Qf3+ 59. Kc2 Qxe3 60. dxe5 Qd3+ 61. Qxd3 exd3+ 62. Kxd3 dxe5 63. c4 h5 64. Ke4 h4 65. Ke3 Kc6 0-1

[Event "*** SCC Grand Prix: Titled Tuesday Blitz"]
[Site "Chess.com"]
[Date "2020.08.25"]
[Round "2"]
[White "shanemelaughcm"]
[Black "anon481216"]
[Result "0-1"]
[WhiteElo "2213"]
[BlackElo "2444"]
[TimeControl "180+1"]
[EndTime "10:20:16 PDT"]
[Termination "anon481216 won by resignation"]

1. c4 c5 2. Nc3 Nc6 3. g3 g6 4.
Bg2 Bg7 5. e4 e6 6. Nge2 Nge7 7.
O-O O-O 8. a3 d6 9. Rb1 b6 10.
b4 Bb7 11. d3 Qd7 12. Be3 Nd4 13. Qd2 Nec6 14. Bh6 Rae8 15. Bxg7 Kxg7 16. f4 f5 17. b5 Nxe2+ 18. Nxe2 Nd4 19. Nxd4 cxd4 20. Rfe1 h6 21. exf5 gxf5 22. Bxb7 Qxb7 23. Qg2 Qxg2+ 24. Kxg2 Kf6 25. Kf3 h5 26. Re2 e5 27. Rbe1 Re7 28. fxe5+ dxe5 29. a4 Rfe8 30. a5 bxa5 31. c5 a4 32. c6 a3 33.
Kf2 e4 34. Rd1 Ke5 35. Ra2 Rb8 36. Rb1 Rc7 37. Rxa3 Rxc6 38. bxc6 Rxb1 39. dxe4 fxe4 40. Rxa7 Rb2+ 41. Ke1 e3 42. c7 Rc2 43. Kd1 d3 44. Ra3 Ke4 45. Ra4+ Kf3 46. Rf4+ Kg2 47. Rd4 e2+ 48.
Ke1 Rc1+ 49. Kd2 e1=Q+ 50. Kxd3 Rxc7 51. Re4 Qc3+ 52. Ke2 Qf3+ 53. Kd2 Qxe4 0-1

[Event "*** SCC Grand Prix: Titled Tuesday Blitz"]
[Site "Chess.com"]
[Date "2020.08.25"]
[Round "2"]
[White "Olga_Zhuravleva"]
[Black "WiktoriaPOL"]
[Result "0-1"]
[WhiteElo "2333"]
[BlackElo "1915"]
[TimeControl "180+1"]
[EndTime "10:20:17 PDT"]
[Termination "WiktoriaPOL won on time"]

1. e4 c5 2. Nf3 g6 3. d4 cxd4 4.
Nxd4 Nc6 5. Nc3 Bg7 6. Nb3 Nf6 7. Be2 O-O 8. O-O d6 9. Re1 b6 10. Bf1 Bb7 11. Bg5 h6 12. Bh4 g5 13. Bg3 Qd7 14.
h3 Rfd8 15. Nd5 Nxd5 16. exd5 Nb4 17. c4 Bxb2 18. Rb1 Bf6 19. Qd2 Na6 20. f4 Nc5 21. Nxc5 dxc5 22. fxg5 Bxg5 23. Qe2 Qf5 24. h4 Bf6 25. Qd2 Bd4+ 26. Kh2 Qf6 27. Bd3 Bc3 28. Qe3 Bxe1 29. Rxe1 e6 30. Qe4 Qf5 31. Qe2 Qf6 32. Rf1 Qg7 33. dxe6 f6 34. Bf5 Re8 35. Rd1 Rad8 36.
Rxd8 Rxd8 37. e7 Re8 38. Qe6+ Kh8 39. Qd7 Qxe7 40. Qd2 Kg7 41. Bf4 Qe2 42. Bxh6+ Kh8 43. Qxe2 Rxe2 44. Bh3 Kh7 45. Bf4 Rxa2 46. Kg3 Ra3+ 47.
Kf2 Ra2+ 48. Kg3 a5 49. h5 a4 50. Bf5+ Kg7 51. h6+ Kh8 52. Bd6 Ra3+ 53. Kf4 Rc3 0-1

[Event "*** SCC Grand Prix: Titled Tuesday Blitz"]
[Site "Chess.com"]
[Date "2020.08.25"]
[Round "2"]
[White "UCantHandleDenker"]
[Black "Fandorine"]
[Result "1-0"]
[WhiteElo "2576"]
[BlackElo "2919"]
[TimeControl "180+1"]
[EndTime "10:20:18 PDT"]
[Termination "UCantHandleDenker won by resignation"]

1. Nf3 Nf6 2. g3 g6 3. Bg2 Bg7 4.
O-O O-O 5. c4 d5 6. cxd5 Nxd5 7.
Nc3 Nc6 8. Nxd5 Qxd5 9. d3 Qb5 10.
Rb1 a5 11. a4 Qd5 12. Bf4 Qd7 13. Qd2 Re8 14. Rfc1 e5 15. Bh6 Nd4 16. Nxd4 exd4 17. Bxg7 Kxg7 18. b4 axb4 19. Rxb4 c6 20. Qb2 Qe7 21.
Qxd4+ Kg8 22. Bf3 Bh3 23. Qb2 Bc8 24. h4 Ra5 25. Re4 Qf8 26. Rxe8 Qxe8 27. Qb4 Re5 28. Rc4 Qf8 29. Qxf8+ Kxf8 30. Rb4 Ke7 31. d4 Ra5 32. e3 Kd6 33. Kf1 Kc7 34. Ke2 b6 35. Kd2 Bd7 36. Bd1 c5 37. dxc5 bxc5 38. Rf4 f5 39. Bc2 Kd6 40.
h5 Be6 41. h6 Ra8 42. a5 Rxa5 43.
Ra4 Rxa4 44. Bxa4 Ke7 45. f4 Kf6 46. Kc3 g5 47. Be8 gxf4 48. gxf4 Bd5 49. Bh5 Be6 50. Be8 Bd5 51. Bh5 Bg8 52. Be8 Ke7 53. Bh5 Be6 54.
Bg6 Kf6 55. Bxh7 Bf7 56. Bxf5 1-0

[Event "*** SCC Grand Prix: Titled Tuesday Blitz"]
[Site "Chess.com"]
[Date "2020.08.25"]
[Round "2"]
[White "Paladin61"]
[Black "Sophist4Life"]
[Result "1-0"]
[WhiteElo "2675"]
[BlackElo "2432"]
[TimeControl "180+1"]
[EndTime "10:20:18 PDT"]
[Termination "Paladin61 won on time"]

1. b3 d5 2. Bb2 c5 3. e3 a6 4. Nf3 Nc6 5. d4 Nf6 6. Be2 Bg4 7. Nbd2 e6 8. O-O Bd6 9. dxc5 Bxc5 10.
a3 O-O 11. b4 Bd6 12. c4 Rc8 13. Qb3 Qe7 14. Rfd1 Rfd8 15. Rac1 h6 16. h3 Bh5 17.
cxd5 Nxd5 18. Ne4 Bb8 19. Ba1 Qf8 20. Nc5 Qe7 21. Qb2 Nf6 22. Rxd8+ Rxd8 23. Nxa6 Bxf3 24. Nxb8 Bxg2 25. Kxg2 Rxb8 26. Bf3 Ne8 27. b5 Nd8 28. a4 f6 29. Kh1 Nf7 30. Bg2 Ng5 31. h4 Nh7 32. a5 Nf8 33. Qd4 Qa3 34. Qc3 Qa4 35. b6 Qxh4+ 36. Kg1 Ng6 37. Qc4 Qxc4 38. Rxc4 Nd6 39.
Rc7 Ne5 40. Bxe5 fxe5 41. Rd7 Nc4 42. a6 bxa6 43. b7 Kf8 44. Rc7 Nd6 45. Bc6 a5 46.
Rd7 Nf5 47. Ba4 g5 48. e4 Ne7 49. Rc7 h5 50. Kg2 g4 51. Kg3 Kf7 52. Kh4 Kf6 53. Kxh5 1-0

[Event "*** SCC Grand Prix: Titled Tuesday Blitz"]
[Site "Chess.com"]
[Date "2020.08.25"]
[Round "2"]
[White "chessablanca"]
[Black "secretsuperstar7"]
[Result "0-1"]
[WhiteElo "2396"]
[BlackElo "2174"]
[TimeControl "180+1"]
[EndTime "10:20:18 PDT"]
[Termination "secretsuperstar7 won by checkmate"]

1. Nf3 d5 2. c4 e6 3. e3 Nf6 4. d4 dxc4 5. Bxc4 c5 6. O-O Nc6 7. Nc3 Be7 8. a3 cxd4 9. exd4 O-O 10. d5 exd5 11. Nxd5 Nxd5 12. Bxd5 Bg4 13. h3 Bh5 14. Bf4 Bf6 15. a4 Re8 16. Rc1 Nd4 17. Bxb7 Ne2+ 18.
Kh1 Nxf4 19. Bxa8 Qxa8 20. Qb3 h6 21. Rfe1 Rb8 22. Qe3 Nxh3 23. Rc7 Bxf3 24. Qxf3 Qxf3 25. gxf3 Nxf2+ 26. Kg2 Rxb2 27. Kg3 Nd3 28. Rc8+ Kh7 29. Re3 Be5+ 30. Kg4 Rb4+ 31. Kh3 Nf4+ 32. Kg4 Nd5+ 33.
Kf5 Nxe3+ 34. Kxe5 Rxa4 35. Rc7 Nc4+ 36. Kd5 Nd2 37.
Rxf7 Kg6 38. Rf8 Ra3 39. f4 a5 40. f5+ Kg5 41. Rf7 g6 42. f6 Rf3 43. Ke6 Ne4 44. Ra7 Rxf6+ 45. Ke5 Rf5+ 46. Kxe4 h5 47. Rc7 h4 48. Rc1 Rb5 49. Rg1+ Kh5 50. Kf4 g5+ 51. Kf3 g4+ 52. Kf4 Rb4+ 53. Kf5 g3 54. Rd1 Rb5+ 55. Kf4 a4 56. Rd4 a3 57. Ra4 g2 58. Rxa3 g1=Q 59.
Ra8 Qf2+ 60. Ke4 Qe2+ 61. Kd4 Rb4+ 62. Kc5 Qc4+ 63. Kd6 Rb6+ 64. Ke7 Qc7+ 65. Kf8 Rb8+ 66. Rxb8 Qxb8+ 67. Kg7 Kg5 68. Kh7 Qc7+ 69. Kg8 Kg6 70. Kh8 Qg7# 0-1

[Event "*** SCC Grand Prix: Titled Tuesday Blitz"]
[Site "Chess.com"]
[Date "2020.08.25"]
[Round "2"]
[White "murtas73"]
[Black "Alembong"]
[Result "0-1"]
[WhiteElo "2663"]
[BlackElo "2465"]
[TimeControl "180+1"]
[EndTime "10:20:19 PDT"]
[Termination "Alembong won by resignation"]

1. d4 d5 2. c4 e6 3. Nf3 Nf6 4. Nc3 c5 5. cxd5 Nxd5 6. e3 Nc6 7.
Bc4 cxd4 8. exd4 Be7 9. O-O O-O 10. Re1 Nf6 11. a3 b6 12. d5 Na5 13. Ba2 Nxd5 14. Nxd5 exd5 15. Qxd5 Bb7 16. Qh5 Rc8 17. Bg5 Bxf3 18.
Qxf3 Bxg5 19. Rad1 Qf6 20. Qg4 Rc2 21. Re2 Rxe2 22. Qxe2 Nc6 23. g3 g6 24. Qe4 Bh6 25.
Rd7 Bg7 26. b4 Qe5 27. Qc4 Qe1+ 28. Kg2 Ne5 29. Re7 Nxc4 30. Rxe1 Nxa3 31. Re7 Nb5 32. Rd7 Bf6 33. Bc4 Nd4 34. g4 h6 35. f4 Ne6 36.
Kf3 g5 37. f5 Nd4+ 38. Ke4 Kg7 39. Rxa7 Nc6 40. Rb7 Nxb4 41. Rxb6 Nc2 42. Rb7 Ne1 43. Bd5 Re8+ 44. Be6 Re7 45. Rxe7 Bxe7 46. Bb3 Ng2 47. Bc4 Nf4 48. Bb3 Kf6 49. h4 Bd6 50. h5 Bc5 51.
Bc4 Bb4 52. Bb3 Nh3 53. Bc4 Nf2+ 54. Kf3 Nd1 55. Bb3 Nc3 56. Bc4 Ke7 57. Bb3 f6 58. Bc4 Kd6 59. Bb3 Ke5 60. Bc4 Kd4 61. Bb3 Nb5 62.
Ba4 Nd6 63. Bb3 Nc4 64. Ba2 Ne5+ 65. Kg3 Ke3 0-1